 Dungeon Crawl Stone Soup version 0.30-a0-739-gea05faddec (webtiles) character file.

Game seed: 12346468204989803608

3067 kingofthe the Cleaver (level 9, -14/74 HPs)
             Began as a Minotaur Berserker on Feb 4, 2023.
             Was an Elder of Trog.
             Demolished by an orc knight
             ... wielding a +0 halberd
              (16 damage)
             ... in a bailey.
             The game lasted 00:18:49 (6245 turns).

kingofthe the Cleaver (Minotaur Berserker)          Turns: 6245, Time: 00:18:50

Health: -14/74     AC: 12    Str: 29    XL:     9   Next: 58%
Magic:  8/8        EV: 15    Int:  4    God:    Trog [****..]
Gold:   129        SH:  5    Dex: 18    Spells: 8/8 levels left

rFire   . . .      SeeInvis .    a - +0 broad axe
rCold   . . .      Faith    .    O - +0 buckler
rNeg    . . .      Spirit   .    d - +0 ring mail
rPois   .          Reflect  .    (helmet restricted)
rElec   .          Harm     .    l - scarf {+Inv}
rCorr   .          Rampage  .    (no gloves)
Will    .....                    m - +0 pair of boots Stlth
                                 B - amulet of Mus Sia {Acrobat Dex+5 Stlth-}
HPRegen 0.32/turn                c - +6 ring of strength
MPRegen 0.11/turn                z - +4 ring of protection

@: on berserk cooldown, slowed, very slow
A: horns 2, retaliatory headbutt
a: Renounce Religion, Evoke Invisibility, Berserk, Trog's Hand, Brothers in Arms


You were in a bailey.
You worshipped Trog.
Trog was greatly pleased with you.
You visited 1 branch of the dungeon, and saw 7 of its levels.
You also visited: Bailey.

You collected 244 gold pieces.
You spent 115 gold pieces at shops.

Inventory:

Hand Weapons
 a - a +0 broad axe (weapon)
 b - a +2 whip of venom
 q - a +1 dagger of speed
 G - a +1 short sword of draining
 H - a +1 spear of flaming
 K - a +0 shortbow
Armour
 d - a +0 ring mail (worn)
 l - a scarf of invisibility (worn)
 m - a +0 pair of boots (worn)
 w - a +0 animal skin
 O - a +0 buckler (worn)
Jewellery
 c - a +6 ring of strength (left hand)
 x - a ring of positive energy
 y - an amulet of the acrobat
 z - a +4 ring of protection (right hand)
 B - the amulet of Mus Sia (around neck) {Acrobat Dex+5 Stlth-}
   (You bought it in a shop on level 2 of the Dungeon)

   [amulet of the acrobat]

   It increases your evasion while moving and waiting.
   Dex:       It affects your dexterity (+5).
   Stlth:     It makes you less stealthy.
 M - a +4 ring of protection
 Q - the ring of Lady Luck {rElec rCorr MP-9 Dex+3}
   (You found it in a bailey)

   [ring of resist corrosion]

   Dex:       It affects your dexterity (+3).
   rElec:     It insulates you from electricity.
   MP:        It affects your magic capacity (-9).
   rCorr:     It protects you from acid and corrosion.
Wands
 A - a wand of flame (39)
 N - a wand of charming (8)
Scrolls
 f - a scroll of poison {unknown}
 g - 7 scrolls of identify {unknown}
 j - 3 scrolls of fear {unknown}
 k - a scroll of fog {unknown}
 n - a scroll of immolation {unknown}
 o - 3 scrolls of enchant weapon {unknown}
 v - a scroll of butterflies {unknown}
 F - a scroll of amnesia {unknown}
 J - 2 scrolls of teleportation {unknown}
 L - 2 scrolls of vulnerability {unknown}
Potions
 e - 3 potions of attraction {unknown}
 h - 5 potions of curing {unknown}
 i - 3 potions of might {unknown}
 p - 2 potions of mutation {unknown}
 r - a potion of brilliance {unknown}
 s - 2 potions of invisibility {unknown}
 t - a potion of magic {unknown}
 u - a potion of lignification {unknown}
 C - 3 potions of haste {unknown}
 D - 2 potions of degeneration {unknown}
 E - 2 potions of heal wounds {unknown}
 I - a potion of cancellation {unknown}
 P - a potion of flight {unknown}


   Skills:
 - Level 5.0 Fighting
 + Level 8.8 Axes
 + Level 8.2 Armour
 + Level 7.5 Dodging
 + Level 2.6 Shields
 + Level 5.2 Evocations


You had 8 spell levels left.
You didn't know any spells.
Your spell library was empty.

Dungeon Overview and Level Annotations

Branches:
Dungeon (7/15)             Temple (0/1) D:5          Bailey (1/1)

Altars:
Qazlal
Yredelemnul

Shops:
D:2 *   D:4 (


Innate Abilities, Weirdness & Mutations

You have a pair of horns on your head.
You reflexively headbutt those who attack you in melee.


Message History

The orc knight hits you from afar with a +0 halberd!!
Okay, then.
You miss the orc knight.
The orc knight is severely wounded.
The orc knight no longer looks unusually strong.
The orc knight hits you with a +0 glaive!
The orc knight hits you but does no damage.
You hit the orc knight but do no damage.
The orc knight is heavily wounded.
The orc no longer looks unusually strong.
The orc warrior hits you from afar with a +0 glaive!
The orc knight roars a battlecry!
The orcs go into a battle-frenzy!
You closely miss the orc knight.
The orc knight is heavily wounded.
The orc warrior no longer looks unusually strong.
The orc knight roars a battlecry!
The orcs go into a battle-frenzy!
You slash the orc knight!
The orc knight is severely wounded.
The orc warrior misses you.
The orc knight hits you with a +0 glaive!
* * * LOW HITPOINT WARNING * * *
The orc knight splashes around in the water.
Your unstable footing causes you to fumble your attack.
The orc warrior misses you.
The orc knight splashes around in the water.
The orc knight hits you from afar with a +0 halberd!!
* * * LOW HITPOINT WARNING * * *
You are too berserk!
Unknown command.
Your unstable footing causes you to fumble your attack.
The orc warrior completely misses you.
You miss the orc knight.
The orc knight is severely wounded.
You are no longer berserk.
You are exhausted.
You feel yourself slow down.
The orc knight hits you from afar with a +0 halberd!
You die...

#.....≈≈#.##≈~~~~~~###~~~~~~≈##.
#.....~≈≈)≈≈≈~~~#########~~~≈≈≈~
#.....~~)~~~~~~##~~~~~~~##~~~~)~
#.....~~~~~~~~##~~#'#'#~~##~~~)~
#.....~~~~~~~~#~~##)#.##~~#~~~~~
#.....~~~~~~~##~#########~##~~~~
#.....~~~~~~~##~'.#o.?#)'~##~~~~
#.....~~~~~~~##~###.8.###~##~~~~
#.....~~~~~~~##@o)#.oo#.'~##~~~~
#.....~~~~~~~##~####o####~##~~~~
#.....~~~~~~~~#oo##∩.∩##~~##~~~~
#.....~~~~~~~~##o~#'''##~~~~~~~~
#.....~~~~~~~~~##~~~~~##~~~~~~~~
#.....~≈≈~≈≈≈~~~##~~~~##~~~~≈≈≈~
#.....≈≈#.##≈~~~~#######~~~~≈##.
#.....≈##.∩#≈~~~~~~~~~~~~~~~≈#∩.
#.....≈#....))~~~~~~~~~~~~~~~...


You could see 2 orc knights, an orc warrior (strong) and an orc (strong).

Vanquished Creatures
  Menkaure (D:4)
  A water moccasin (D:6)
  A sky beast (D:7)
  4 ice beasts
  10 orc warriors
  A black bear (D:4)
  2 ogres
  A phantom (D:5)
  2 centaurs
  A necrophage (D:4)
  A bullfrog (D:5)
  A wyvern zombie (D:5)
  2 scorpions
  A centaur zombie (D:5)
  3 hounds
  A jelly (D:7)
  An orc priest (D:6)
  9 iguanas
  3 orc wizards
  Robin (D:3)
  3 adders
  2 shadow imps
  2 worms
  4 dart slugs
  23 orcs
  11 ball pythons
  4 endoplasms
  6 giant cockroaches
  19 goblins
  12 hobgoblins
  A jackal (D:3)
  3 quokkas (D:1)
  4 bats
  2 frilled lizards (D:1)
  12 kobolds
  7 rats
162 creatures vanquished.

Notes
Turn   | Place    | Note
-------+----------+-------------------------------------------
     0 | D:1      | kingofthe the Minotaur Berserker began the quest for the
                  | Orb.
     0 | D:1      | Reached XP level 1. HP: 19/19 MP: 0/0
    78 | D:1      | Found a faded altar of an unknown god.
   107 | D:1      | Reached XP level 2. HP: 22/27 MP: 1/1
   556 | D:1      | Reached ** piety under Trog
   557 | D:1      | Reached XP level 3. HP: 33/33 MP: 2/2
  1392 | D:2      | Found Gofalam's Assorted Antiques.
  1734 | D:3      | Identified the +3 helmet "Femiwog" {+Blink Fly Will+ Dex-5}
  1734 | D:3      | Noticed Robin
  1739 | D:3      | Reached XP level 4. HP: 38/40 MP: 3/3
  1748 | D:3      | Killed Robin
  1854 | D:3      | Noticed an ogre
  1861 | D:3      | Killed an ogre
  1862 | D:3      | Reached XP level 5. HP: 8/47 MP: 4/4
  2095 | D:3      | Reached *** piety under Trog
  2334 | D:3      | Reached skill level 5 in Axes
  2642 | D:2      | Bought a pitted amethyst amulet for 115 gold pieces
  2642 | D:2      | Identified the amulet of Mus Sia {Acrobat Dex+5 Stlth-}
                  | (You bought it in a shop on level 2 of the Dungeon)
  2750 | D:4      | Noticed an ice beast
  2752 | D:4      | Killed an ice beast
  2753 | D:4      | Reached skill level 5 in Fighting
  2753 | D:4      | Reached XP level 6. HP: 56/56 MP: 5/5
  2846 | D:4      | Reached skill level 1 in Evocations
  3080 | D:4      | Reached skill level 5 in Armour
  3080 | D:4      | Reached XP level 7. HP: 60/61 MP: 6/6
  3227 | D:4      | Noticed Menkaure
  3240 | D:4      | Killed Menkaure
  3503 | D:4      | Found Koos's Weapon Boutique.
  3624 | D:5      | Entered Level 5 of the Dungeon
  3706 | D:5      | Found a staircase to the Ecumenical Temple.
  3763 | D:5      | Reached skill level 5 in Dodging
  3763 | D:5      | Found a basalt altar of Yredelemnul.
  3862 | D:5      | Reached XP level 8. HP: 68/68 MP: 7/7
  4303 | D:6      | Reached **** piety under Trog
  5152 | D:7      | Reached XP level 9. HP: 74/74 MP: 8/8
  5401 | D:7      | Found a stormy altar of Qazlal.
  5505 | D:7      | Found a flagged portal.
  5576 | Bailey   | Entered a bailey
  5661 | Bailey   | Reached skill level 1 in Shields
  5668 | Bailey   | Reached skill level 5 in Evocations
  6220 | Bailey   | Identified the ring of Lady Luck {rElec rCorr MP-9 Dex+3}
  6222 | Bailey   | Noticed an orc knight
  6222 | Bailey   | Noticed an orc knight
  6243 | Bailey   | HP: 2/111 [orc knight/+0 halberd (22)]
  6245 | Bailey   | Demolished by an orc knight

Illustrated notes

Levels and vault maps discovered:
D:1:      dpeg_arrival_round_a, layout_loops_corners,
          hellmonk_ecumenical_altar_heavens_door, minivault_4,
          corexii_hall_statues_i, minmay_heptomino_l4
D:2:      layout_basic, serial_shops, nicolae_square_shop
D:3:      minmay_inner_zag, layout_basic, uniq_robin
D:4:      layout_cave_pods, serial_shops, shop, uniq_menkaure
D:5:      layout_basic, lemuel_zombie_altar_yredelemnul, temple_doors_e
D:6:      layout_gridville, dk_rats_in_the_wall
D:7:      layout_basic, nicolae_qazlal_scattered_showers,
          mainiacjoe_overflow_alcove_1, enter_bailey_8,
          chequers_serial_rivers_micro_a, kennysheep_generic_room_15
Bailey:   bailey_polearm_2, bailey

Skill      XL: |  1  2  3  4  5  6  7  8  9 |
---------------+----------------------------+-----
Axes           | 4 5 6 7 8 |  8.8
Fighting       | 4 5 |  5.0
Armour         | 3 4 5 6 7 8 |  8.2
Dodging        | 3 4 5 6 7 |  7.5
Evocations     | 1 3 4 5 |  5.2
Shields        | 2 |  2.6

Action                     |  1- 3 |  4- 6 |  7- 9 || total
---------------------------+-------+-------+-------++-------
  Melee: Hand axe          |   102 |    31 |       ||   133
         Headbutt          |    15 |    11 |    43 ||    69
         Broad axe         |       |    48 |   192 ||   240
         Spear             |       |       |     6 ||     6
         Punch             |       |       |     1 ||     1
 Invoke: Berserk           |       |     1 |     1 ||     2
 Armour: Animal skin       |     1 |       |       ||     1
         Ring mail         |    24 |    34 |    57 ||   115
  Dodge: Dodged            |    67 |    59 |   209 ||   335
  Block: Buckler           |       |       |    23 ||    23

Table legend: (Time is in decaauts)
 A = Elapsed time spent in this place.
 B = Non-inter-level travel time spent in this place.
 C = Inter-level travel time spent in this place.
 D = Time resting spent in this place.
 E = Time spent auto-exploring this place.
 F = Levels seen in this place.
 G = Mean time per level.
                   A        B        C        D        E       F      G
               +--------+--------+--------+--------+--------+-----+--------+
         Total |   6382 |   6091 |    291 |    739 |   3998 |   8 |  797.8 |
       Dungeon |   5634 |   5343 |    291 |    423 |   3988 |   7 |  804.9 |
        Bailey |    747 |    747 |      0 |    316 |     10 |   1 |  747.0 |
               +--------+--------+--------+--------+--------+-----+--------+

Top non-repeatable levels by time:
     D:1: 1181 daAuts
     D:4: 933 daAuts
     D:3: 903 daAuts
     D:6: 875 daAuts
  Bailey: 747 daAuts
     D:2: 638 daAuts
     D:5: 582 daAuts
     D:7: 519 daAuts
